Map: Emerald City LE

Players

Belardo

  • Race: Zerg Zerg
  • League: Diamond
  • Spawn Location: 11:00

GJS

  • Race: Terran Terran
  • Spawn Location: 11:00

LoadBlaster - Winner!

  • Race: Zerg Zerg
  • Spawn Location: 5:00

EruptioN - Winner!

  • Race: Terran Terran
  • League: Master
  • Spawn Location: 5:00

VOD

Have the link to the VOD?

Description

Loadblaster and Eruption macros well in teamgame.
Loadblaster 6 Roach early aggression/def - into mass roach 3 base

Time

  • Played on: Dec. 12, 2020, 7:25 p.m.
  • Length: 14:05
Show
View Real Time Build Order
Export as new Build Order

Belardo Zerg 

Build Orders: Hatch First, Zergling Baneling 

Get SALT Encoding   

  12  0:00  Drone  
  13  0:12  Overlord  
  13  0:18  Drone  
  14  0:30  Drone x2  
  16  0:36  Drone  
  17  0:55  Hatchery  
  16  0:57  Drone  
  17  1:10  Spawning Pool  
  16  1:12  Drone  
  16  1:16  Drone  
  18  1:18  Drone  
  19  1:29  Drone  
  20  1:33  Extractor  
  20  1:39  Drone  
  20  1:49  Overlord  
  20  1:57  Queen  
  22  2:07  Queen  
  22  2:08  Zergling x4  
  26  2:16  Drone  
  27  2:30  Drone x2  
  27  2:31  Hatchery  
  28  2:37  Metabolic Boost  
  28  2:40  Overlord  
  28  2:50  Drone x3  
  31  2:57  Drone  
  31  2:58  Drone  
  33  3:06  Drone x4  
  37  3:13  Baneling Nest  
  37  3:19  Drone x2  
  38  3:20  Drone  
  38  3:29  Zergling x8  
  41  3:36  Roach Warren  
  41  3:37  Drone  
  41  3:43  Overlord  
  41  3:49  Zergling x10  
  46  3:59  Drone  
  46  4:00  Drone x3  
  50  4:04  Extractor  
  50  4:05  Extractor  
  50  4:08  Zergling x2, Baneling x2  
  50  4:09  Zergling x6  
  50  4:11  Baneling  
  50  4:12  Baneling x4  
  50  4:18  Zergling x4  
  50  4:19  Zergling x2  
  51  4:28  Zergling x2  
  51  4:29  Zergling x10  
  51  4:34  Zergling x4  
  52  4:38  Drone  
  52  4:42  Drone x2  
  55  4:52  Drone x3  
  57  4:58  Baneling  
  57  4:59  Baneling x3  
  57  5:02  Drone  
  58  5:09  Overlord x4  
  58  5:15  Overlord  
  58  5:16  Overlord  
  58  5:24  Overlord x2  
  54  5:43  Roach x8  
  54  5:44  Roach x4  
  54  5:49  Baneling x2  
  77  5:50  Baneling x3  
  77  5:57  Roach x2  
  81  6:00  Drone  
  70  6:21  Drone x4, Overlord  
  70  6:22  Lair  
  70  6:25  Roach x4  
  82  6:29  Drone x5  
  87  6:35  Drone x3  
  90  6:42  Evolution Chamber  
  90  6:43  Evolution Chamber, Overlord  
  88  6:49  Overlord  
  88  6:50  Drone  
  88  6:51  Drone x2  
  91  6:58  Drone x2  
  91  6:59  Drone x6  
  99  7:04  Overlord  
  99  7:13  Zerg Missile Weapons Level 1, Zerg Ground Armor Level 1  
  99  7:18  Overlord  
  99  7:20  Extractor x2, Glial Reconstitution  
  97  7:23  Overlord x2, Drone  
  97  7:24  Drone, Hydralisk Den  
  97  7:28  Queen  
  97  7:29  Overlord  
  100  7:30  Drone  
  100  7:36  Zergling x6  
  100  7:37  Zergling x6  
  107  7:54  Muscular Augments  
  107  8:04  Hydralisk  
  107  8:05  Hydralisk x5  
  111  8:07  Drone  
  111  8:08  Drone x2  
  122  8:13  Spine Crawler  
  122  8:15  Hydralisk x2  
  125  8:24  Hatchery  
  118  8:31  Overlord  
  118  8:32  Overlord  
  118  8:33  Drone x2  
  120  8:38  Extractor  
  120  8:41  Hydralisk x4, Overlord x2  
  127  8:56  Hydralisk x2  
  127  8:57  Hydralisk x2  
  135  9:05  Grooved Spines  
  135  9:08  Zerg Missile Weapons Level 2  
  135  9:09  Overlord  
  135  9:24  Hydralisk x6  
  147  9:33  Queen  
  147  9:36  Extractor  
  147  9:38  Extractor  
  147  9:41  Overlord x2  
  147  9:54  Roach x12  
  147  9:55  Spire  
  147  9:57  Overlord x2  
  152  10:26  Roach x14  
  163  10:49  Hydralisk x10  
  174  11:10  Nydus Network x2  
  172  11:28  Overseer  
  172  11:31  Hatchery  
  129  11:35  Overseer  
  129  11:36  Overseer  
  105  11:42  Roach  
  105  11:43  Roach x17  
  113  11:57  Hydralisk x4  
  103  12:09  Hydralisk  
  103  12:10  Hydralisk x4  
  103  12:15  Hydralisk  
  107  12:33  Hydralisk x6  
  105  12:45  Roach x5  
  105  12:48  Hydralisk  
  97  12:57  Hydralisk  
  97  12:58  Hydralisk  
  48  13:15  Hydralisk  
  48  13:16  Hydralisk x3  
  46  13:41  Hydralisk x5  
Show
View Real Time Build Order
Export as new Build Order

GJS Terran 

Build Orders: Reaper Expand, Mech 

Get SALT Encoding   

  12  0:00  SCV  
  13  0:12  SCV  
  14  0:18  Supply Depot  
  14  0:24  SCV  
  15  0:40  SCV  
  15  0:41  Barracks  
  16  0:45  Refinery  
  16  0:52  SCV  
  18  1:04  SCV  
  18  1:16  SCV  
  19  1:29  Reaper  
  19  1:31  Orbital Command  
  20  1:42  Command Center  
  20  1:52  Supply Depot  
  20  1:59  SCV  
  20  2:01  Marine  
  22  2:14  Factory  
  22  2:15  SCV  
  22  2:19  Refinery  
  23  2:28  Barracks Reactor  
  23  2:34  SCV  
  24  2:46  SCV  
  25  3:00  Orbital Command  
  25  3:03  Starport  
  25  3:05  SCV  
  28  3:13  Hellion x2  
  28  3:16  Marine  
  28  3:17  SCV  
  32  3:24  Supply Depot  
  32  3:31  SCV  
  32  3:32  SCV  
  34  3:37  Marine, Hellion x2  
  39  3:42  Medivac, Armory  
  39  3:44  SCV  
  39  3:46  SCV  
  43  3:54  Supply Depot  
  43  3:56  Barracks Tech Lab  
  43  3:59  SCV x2  
  49  4:10  Hellion x2  
  49  4:11  SCV x2  
  49  4:15  Bunker  
  51  4:22  Marauder  
  53  4:39  SCV x2, Hellion x6  
  55  4:47  Factory  
  55  4:51  SCV x2  
  55  4:52  Supply Depot  
  57  4:54  Liberator  
  59  5:11  Hellion  
  59  5:14  Hellion, Supply Depot  
  63  5:37  Medivac  
  63  5:38  Hellion x8  
  63  5:39  Hellion x2  
  69  5:53  SCV x2, Terran Vehicle Weapons Level 1  
  69  5:55  Refinery  
  69  5:56  Refinery  
  71  5:58  Command Center  
  71  6:12  Hellion x2  
  71  6:13  Siege Tank  
  78  6:25  SCV x2  
  78  6:27  Hellion x8  
  78  6:32  Factory  
  78  6:34  Factory  
  78  6:35  Factory, Engineering Bay, Supply Depot  
  78  6:36  Supply Depot  
  78  6:40  SCV x2, Hellion x2  
  78  6:41  Infernal Pre-Igniter  
  84  7:29  Hellion x2, Cyclone  
  91  7:30  Factory Tech Lab x2  
  91  7:31  Factory Tech Lab, Starport Reactor  
  91  7:34  Missile Turret  
  91  7:35  Missile Turret  
  77  7:53  Hellion x2, Siege Tank x2  
  87  8:00  Smart Servos  
  71  8:14  Siege Tank  
  70  8:21  Hellion x2  
  70  8:23  Siege Tank, Terran Vehicle Weapons Level 2  
  74  8:32  Siege Tank x2  
  80  8:37  SCV x2  
  80  8:38  Missile Turret  
  80  8:39  Missile Turret  
  80  8:40  Command Center, Missile Turret  
  82  8:42  Orbital Command  
  82  8:43  Refinery  
  82  8:45  Refinery  
  82  8:49  SCV  
  83  8:56  Sensor Tower  
  83  8:58  SCV  
  83  9:01  SCV  
  85  9:08  SCV  
  86  9:10  SCV  
  87  9:20  Hellion, Siege Tank x3  
  87  9:22  Siege Tank  
  87  9:23  Hellion  
  103  9:33  SCV x2  
  103  9:34  SCV  
  103  9:35  Missile Turret  
  103  9:36  Missile Turret  
  103  9:38  Viking x2  
  108  9:44  Hellion  
  108  9:45  SCV x2  
  114  9:47  SCV  
  114  9:51  Supply Depot  
  114  9:52  Supply Depot x2  
  115  9:53  Supply Depot  
  115  9:57  SCV x2, Supply Depot  
  115  9:59  SCV  
  118  10:19  Hellion x2  
  122  10:28  Siege Tank x4  
  128  10:33  Missile Turret  
  128  10:35  Missile Turret  
  134  10:36  Missile Turret  
  134  10:46  Hellion x2  
  138  10:55  Command Center  
  138  10:57  Missile Turret  
  138  11:00  Missile Turret  
  138  11:04  Siege Tank x4  
  138  11:06  Viking  
  138  11:08  SCV  
  138  11:10  SCV x2  
  155  11:11  Sensor Tower  
  153  11:21  SCV  
  153  11:23  Hellion  
  139  11:37  Hellion x2, Siege Tank x2  
  139  11:45  Liberator x2  
  134  11:51  Hellion  
  130  11:59  Planetary Fortress  
  107  12:18  Hellion x2, Siege Tank x3  
  107  12:19  Siege Tank  
  113  12:30  Liberator x2  
  113  12:31  SCV x2  
  113  12:33  Refinery  
  114  12:45  Hellion x2  
  114  12:46  SCV x4  
  102  12:58  SCV x3  
  102  13:00  Hellion, Siege Tank  
  101  13:07  Siege Tank x2  
  106  13:13  Liberator  
  106  13:15  Hellion x2  
  106  13:21  Siege Tank  
  106  13:24  SCV x4  
  110  13:27  Refinery x2  
  110  13:32  Siege Tank  
  111  13:36  SCV x3  
Show
View Real Time Build Order
Export as new Build Order

LoadBlaster Zerg - Winner!

Build Orders: Hatch First, Roach Hydra, Roach Hydra 

Get SALT Encoding   

  12  0:01  Drone  
  13  0:17  Overlord  
  13  0:18  Drone  
  14  0:36  Drone x2  
  14  0:39  Drone  
  17  1:00  Hatchery  
  17  1:02  Drone  
  17  1:03  Drone  
  18  1:16  Extractor  
  17  1:19  Spawning Pool  
  17  1:22  Drone x2  
  18  1:33  Drone  
  19  1:43  Drone  
  20  1:54  Overlord  
  20  2:06  Queen  
  22  2:11  Queen  
  22  2:14  Roach Warren, Drone x2  
  25  2:19  Drone  
  26  2:23  Drone  
  27  2:30  Drone  
  27  2:35  Overlord  
  28  2:42  Drone  
  29  2:54  Hatchery  
  29  2:56  Drone x3  
  31  3:02  Roach  
  35  3:05  Roach  
  35  3:09  Roach  
  37  3:14  Roach  
  37  3:16  Roach  
  37  3:19  Roach  
  43  3:24  Overlord  
  43  3:27  Overlord  
  43  3:35  Lair  
  43  3:41  Extractor  
  43  3:44  Drone x3  
  43  3:47  Drone x2  
  47  3:49  Drone  
  47  3:53  Drone  
  47  3:54  Drone  
  50  3:56  Drone  
  50  3:59  Drone  
  50  4:00  Drone  
  53  4:07  Drone x3  
  56  4:12  Roach x3  
  56  4:14  Queen  
  58  4:29  Ravager x2  
  58  4:31  Ravager  
  57  4:35  Glial Reconstitution  
  57  4:36  Roach x6  
  58  4:40  Roach  
  60  4:49  Roach x2  
  64  4:54  Roach  
  64  4:57  Overlord x2  
  64  4:58  Overlord x2  
  66  5:07  Extractor  
  66  5:08  Drone  
  66  5:09  Evolution Chamber, Drone  
  66  5:17  Drone  
  66  5:18  Drone x4  
  66  5:19  Drone x4  
  75  5:32  Overlord  
  75  5:33  Overlord  
  75  5:39  Drone x9  
  84  5:45  Zerg Missile Weapons Level 1  
  84  5:51  Extractor  
  84  5:52  Extractor  
  84  5:53  Extractor, Drone x4  
  84  5:54  Hydralisk Den  
  84  5:55  Drone  
  84  5:56  Drone  
  86  5:59  Drone  
  86  6:03  Drone  
  88  6:05  Drone  
  83  6:27  Roach x9  
  83  6:30  Grooved Spines  
  83  6:32  Hatchery  
  100  6:33  Drone  
  100  6:36  Drone  
  102  6:45  Overlord x6  
  102  7:03  Roach x4  
  110  7:11  Roach x5  
  110  7:13  Roach  
  110  7:14  Roach  
  124  7:16  Roach  
  126  7:29  Hydralisk x6  
  126  7:31  Hydralisk  
  126  7:34  Hydralisk  
  126  7:36  Hydralisk  
  144  7:42  Muscular Augments  
  144  7:56  Zerg Missile Weapons Level 2  
  144  7:59  Drone x9  
  144  8:00  Evolution Chamber, Drone x4, Infestation Pit  
  155  8:14  Overseer  
  155  8:28  Spore Crawler  
  155  8:30  Spine Crawler x2  
  155  8:31  Spine Crawler x2  
  155  8:33  Drone x4  
  154  8:34  Drone x2  
  154  8:35  Zerg Ground Armor Level 1  
  154  8:37  Hive  
  154  8:38  Extractor  
  154  8:39  Hydralisk x2  
  159  8:41  Extractor  
  159  8:45  Hatchery  
  157  8:57  Drone x3  
  160  9:16  Overlord x3  
  160  9:17  Overlord x3  
  160  9:37  Drone  
  160  9:38  Drone x2  
  163  9:41  Roach  
  163  9:42  Roach x12  
  189  9:51  Pneumatized Carapace  
  189  10:02  Hatchery  
  189  10:04  Hatchery  
  187  10:20  Zerg Missile Weapons Level 3  
  179  10:30  Roach x7  
  179  10:31  Roach x3  
  193  10:50  Zerg Ground Armor Level 2  
  193  10:53  Viper x2  
  195  11:09  Extractor, Spore Crawler  
  195  11:10  Spine Crawler x2  
  189  11:13  Spine Crawler  
  188  11:19  Evolution Chamber  
  188  11:20  Evolution Chamber  
  162  11:45  Drone  
  162  11:46  Drone x2  
  133  11:49  Extractor  
  116  11:55  Roach  
  116  11:56  Roach x25  
  116  11:57  Roach x6  
  164  12:08  Roach  
  164  12:09  Roach x10  
  139  12:53  Roach  
  139  12:54  Roach x22  
  139  12:55  Roach x9  
Show
View Real Time Build Order
Export as new Build Order

EruptioN Terran - Winner!

Build Orders: 2 Factory, Gas First Reaper Expand, Hellion Opening, Mech 

Get SALT Encoding   

  12  0:00  SCV  
  13  0:12  SCV  
  14  0:18  Supply Depot  
  14  0:24  SCV  
  15  0:29  Refinery  
  15  0:40  SCV  
  16  0:44  Barracks  
  16  0:52  SCV  
  18  1:04  SCV  
  18  1:16  SCV  
  19  1:31  Reaper, Orbital Command  
  20  1:42  Command Center  
  20  1:55  Factory  
  20  1:57  SCV  
  21  2:04  Supply Depot  
  21  2:08  Barracks Reactor  
  21  2:11  SCV  
  22  2:23  SCV  
  23  2:36  SCV  
  24  2:48  SCV  
  24  2:50  Hellion x2  
  29  2:55  Orbital Command  
  28  2:59  Factory  
  28  3:01  SCV  
  29  3:05  Barracks Tech Lab  
  29  3:12  Hellion x2  
  33  3:17  SCV  
  34  3:20  SCV  
  35  3:32  Command Center, Supply Depot  
  35  3:33  SCV  
  37  3:34  SCV  
  37  3:41  Hellion x2  
  41  3:45  SCV  
  42  3:49  SCV  
  42  3:50  Infernal Pre-Igniter  
  42  3:53  Hellion  
  45  3:58  SCV, Supply Depot  
  45  4:02  SCV  
  47  4:03  Refinery  
  47  4:07  Hellion  
  47  4:08  Hellion  
  51  4:11  SCV  
  51  4:16  SCV  
  53  4:19  Cyclone  
  56  4:29  Hellion  
  48  4:33  SCV  
  48  4:36  Supply Depot  
  48  4:38  SCV  
  50  4:40  Refinery  
  50  4:41  Refinery  
  50  4:42  Hellion  
  50  4:45  SCV, Orbital Command  
  53  4:50  SCV  
  57  4:52  Siege Tank  
  57  4:54  Hellion  
  57  4:59  SCV  
  60  5:01  Supply Depot  
  60  5:02  SCV  
  61  5:09  Hellion  
  61  5:11  SCV  
  61  5:12  Factory  
  65  5:15  SCV  
  65  5:19  Hellion  
  68  5:23  SCV  
  68  5:27  SCV  
  68  5:28  Siege Tank  
  72  5:32  Orbital Command  
  70  5:36  Hellion  
  70  5:37  SCV  
  70  5:42  SCV  
  74  5:43  Hellion  
  74  5:49  SCV  
  77  5:57  Factory Tech Lab, Supply Depot  
  77  5:58  Engineering Bay  
  77  5:59  SCV, Factory  
  77  6:00  Siege Tank  
  77  6:01  Factory  
  77  6:02  Hellion  
  77  6:03  SCV  
  84  6:05  SCV  
  84  6:08  Armory  
  84  6:11  SCV  
  82  6:15  SCV  
  82  6:17  Hellion, Siege Tank  
  82  6:18  SCV  
  87  6:24  SCV  
  88  6:27  SCV  
  88  6:29  Refinery  
  88  6:30  SCV, Refinery  
  90  6:34  Missile Turret  
  90  6:35  Supply Depot  
  90  6:36  SCV  
  90  6:39  Hellion  
  97  6:40  SCV  
  97  6:41  Mag-Field Accelerator  
  97  6:42  Cyclone  
  97  6:44  Factory Tech Lab x2  
  97  6:46  SCV  
  98  6:48  Missile Turret  
  98  6:50  Cyclone  
  101  6:56  Terran Vehicle Weapons Level 1  
  101  6:57  SCV  
  101  6:59  Missile Turret  
  101  7:00  SCV  
  103  7:03  Cyclone  
  103  7:06  Cyclone  
  109  7:10  Supply Depot  
  109  7:12  Supply Depot  
  109  7:18  Missile Turret  
  109  7:20  Missile Turret x3  
  109  7:21  Missile Turret  
  109  7:25  Missile Turret  
  109  7:30  Missile Turret  
  109  7:31  Missile Turret, Hellion x2, Cyclone x2, SCV  
  109  7:32  SCV  
  121  7:37  Cyclone  
  121  7:38  Missile Turret  
  121  7:39  Missile Turret  
  121  7:43  SCV x2  
  122  7:45  SCV  
  123  7:55  Siege Tank  
  123  7:56  SCV  
  127  8:02  Missile Turret  
  126  8:09  Siege Tank, Cyclone  
  126  8:10  Hellion x2  
  130  8:13  SCV x2  
  132  8:20  Cyclone  
  132  8:25  SCV  
  134  8:30  SCV  
  134  8:31  SCV  
  136  8:37  SCV, Thor  
  143  8:48  Command Center  
  143  8:50  Missile Turret  
  143  8:53  Hi-Sec Auto Tracking  
  143  8:55  Thor  
  149  9:01  Terran Vehicle Weapons Level 2  
  149  9:05  Siege Tank  
  149  9:09  Missile Turret  
  152  9:10  Siege Tank  
  152  9:16  SCV x2  
  157  9:20  Supply Depot x2  
  157  9:23  Siege Tank  
  154  9:25  SCV  
  154  9:28  SCV  
  156  9:38  Factory x2  
  156  9:39  Factory  
  156  9:41  Siege Tank  
  156  9:42  Siege Tank  
  156  9:45  SCV  
  163  9:51  Thor  
  169  9:53  SCV  
  169  9:55  SCV  
  171  10:02  Missile Turret  
  171  10:04  Missile Turret  
  171  10:08  SCV x2  
  171  10:09  SCV  
  174  10:17  Siege Tank x2  
  174  10:20  SCV  
  170  10:28  Factory Tech Lab x3, Siege Tank  
  163  10:30  Planetary Fortress  
  163  10:34  Refinery  
  163  10:35  Refinery  
  163  10:36  SCV x3  
  166  10:45  Siege Tank  
  166  10:49  Siege Tank  
  172  10:50  Siege Tank  
  172  10:53  Hellion x2  
  172  10:54  Hellion x2  
  174  11:01  Missile Turret  
  174  11:10  Siege Tank x2  
  180  11:14  Thor  
  186  11:23  Command Center  
  184  11:27  Thor, Siege Tank  
  178  11:33  Siege Tank  
  178  11:34  Hellion x2  
  183  11:44  Terran Vehicle And Ship Armor Level 1  
  183  11:45  Siege Tank  
  183  11:46  Hellion x2  
  178  11:51  SCV  
  165  11:58  Hellion, Siege Tank  
  165  11:59  Hellion  
  157  12:13  Thor x2, Siege Tank  
  157  12:14  SCV  
  167  12:21  Siege Tank  
  170  12:29  Command Center  
  170  12:34  Thor  
  170  12:36  Siege Tank  
  179  12:41  Command Center  
  179  12:49  Thor  
  176  13:01  Thor  
  176  13:05  Thor, Refinery  
  188  13:10  Refinery  
  188  13:11  Missile Turret  
  188  13:12  Planetary Fortress  
  185  13:21  Thor  
Tags
 
Add a new tag
Caveats
  • Supply blocks, unpowered buildings, or Contaminate may cause inaccurate times.
  • Supply counts are checked every 10 seconds.